 Dungeon Crawl Stone Soup version 0.27-a0-291-gd9602db6ee (webtiles) character file.

Game seed: 8912555936817497942

8378 Fenrir042 the Cleaver (level 11, -3/99 (102) HPs)
             Began as a Minotaur Berserker on Feb 9, 2021.
             Was an Elder of Trog.
             Killed from afar by a wretched star (20 damage)
             ... with a lance of force
             ... on level 1 of the Abyss.
             The game lasted 00:29:17 (10614 turns).

Fenrir042 the Cleaver (Minotaur Berserker)         Turns: 10614, Time: 00:29:18

HP:   -3/99 (102)   AC: 20    Str: 21    XL:     11   Next: 9%
MP:   10/10         EV: 13    Int: -4 (4) God:    Trog [****..]
Gold: 525           SH:  0    Dex: 10    Spells: 10/10 levels left

rFire    + . .     SeeInvis .   M - +6 war axe
rCold    . . .     Faith    .   (no shield)
rNeg     + . .     Spirit   .   I - +1 pearl dragon scales
rPois    .         Reflect  .   (helmet restricted)
rElec    .         Harm     .   i - +0 cloak
rCorr    .         Rampage  .   o - +0 pair of gloves
Will     .....                  l - +0 pair of boots
Stlth    ..........             (no amulet)
HPRegen  0.00/turn              c - ring of protection from fire
MPRegen  0.12/turn              (no ring)

@: slowed, lost intelligence, lightly drained, very slow
A: retaliatory headbutt, horns 2, [screaming 2], [inhibited regeneration], [weak
2]
a: Renounce Religion, Berserk, Trog's Hand, Brothers in Arms


You were on level 1 of the Abyss.
You worshipped Trog.
Trog was greatly pleased with you.
You visited 1 branch of the dungeon, and saw 9 of its levels.
You visited the Abyss 1 time.
You also visited: Ossuary.

You collected 525 gold pieces.

Inventory:

Hand Weapons
 a - a +0 hand axe
 E - a +3 hand axe
 F - a +1 vorpal hand axe
 L - a +0 war axe
 M - a +6 war axe (weapon)
Armour
 b - a +0 animal skin
 i - a +0 cloak (worn)
 k - a +2 animal skin
 l - a +0 pair of boots (worn)
 n - a +0 scale mail
 o - a +0 pair of gloves (worn)
 p - a +0 chain mail
 u - a +0 plate armour
 I - +1 pearl dragon scales (worn)
 J - the +0 ring mail of Trumpets {+Inv rF+ Str-3 Int+4}
   (You found it on level 7 of the Dungeon)

   It affects your strength (-3).
   It affects your intelligence (+4).
   It protects you from fire.
   It lets you turn invisible.
Magical Staves
 H - an uncursed staff of fire {unknown}
Jewellery
 c - a ring of protection from fire (left hand)
 y - an uncursed amulet of magic regeneration {unknown}
 K - an uncursed ring of fire
Scrolls
 f - 5 scrolls of remove curse
 j - 6 scrolls of teleportation
 m - 4 scrolls of identify
 q - a scroll of magic mapping {unknown}
 r - 2 scrolls of fear
 v - a scroll of fog
 z - 2 scrolls of random uselessness
 C - 7 scrolls of immolation
Potions
 d - 2 potions of berserk rage {unknown}
 e - a potion of heal wounds {unknown}
 g - 2 potions of lignification {unknown}
 h - 2 potions of curing {unknown}
 s - 2 potions of haste {unknown}
 t - 3 potions of flight {unknown}
 w - 11 potions of degeneration {unknown}
 x - 2 potions of cancellation {unknown}
 A - a potion of ambrosia {unknown}
 B - a potion of mutation {unknown}
 D - a potion of might {unknown}
 N - a potion of magic {unknown}
 O - a potion of brilliance {unknown}
Miscellaneous
 G - a phantom mirror


   Skills:
 + Level 11.1 Fighting
 + Level 11.1 Axes
 + Level 10.9 Armour
 + Level 8.8 Dodging


You had 10 spell levels left.
You didn't know any spells.
Your spell library contained the following spells:

 Spells                   Type           Power        Failure   Level
 Corona                   Hex            0%           89%         1
 Ensorcelled Hibernation  Hex/Ice        0%           96%         2
 Confusing Touch          Hex            0%           99%         3
 Dazzling Flash           Conj/Hex       0%           99%         3
 Tukima's Dance           Hex            0%           99%         3


Dungeon Overview and Level Annotations

Branches:
Dungeon (9/15)             Temple (0/1) D:4            Lair (0/6) D:9
Ossuary (visited)
    Orc: D:9-12

Altars:
Cheibriados
Fedhas
Gozag
Hepliaklqana
Qazlal
Ru
Sif Muna
Trog
Yredelemnul
Zin
The Shining One

Shops:
D:8 :

Annotations:
D:5 1 runed translucent door
D:9 exclusion: orange crystal statue, Erolcha


Innate Abilities, Weirdness & Mutations

You reflexively headbutt those who attack you in melee.
You have a pair of horns on your head.
[You sometimes yell uncontrollably at your foes.]
[You do not regenerate when monsters are visible.]
[You are very weak. (Str -4)]


Message History

The wretched star glows turbulently.
The lance of force hits you!!
You are knocked back by the lance of force.
Found a flail.
The wretched star glows turbulently.
The lance of force hits you!
You are knocked back by the lance of force.
The wretched star pulses with an eldritch light!
You feel weaker. x2
The wretched star pulses with an eldritch light!
Your regeneration stops near monsters.
You hit the wretched star.
The wretched star is lightly damaged.
The wretched star glows turbulently.
The lance of force hits you!!
* * * LOW HITPOINT WARNING * * *
You are knocked back by the lance of force.
The wretched star glows turbulently.
The lance of force hits you!!
You die...

....?..........
...............
...............
...............
#...#.#.#####..
.......*.......
...............
...............
.......@...(.#.
###.#.#.#.##.#
...............
...............
...#.).#.......
#.#..## #.####.
#≈#.# .# ## .#
.#


You could see a wretched star.

Vanquished Creatures
  Erica (D:8)
  A two-headed ogre (D:8)
  A gargoyle (D:7)
  2 komodo dragons (D:9)
  A hornet (D:9)
  Sigmund (D:2)
  Grum (D:8)
  A wyvern (D:7)
  A water moccasin (D:6)
  2 ice beasts
  4 orc warriors
  4 sky beasts
  A black bear (D:9)
  2 necrophages
  An ogre (D:8)
  3 wolves (D:8)
  3 centaurs (D:9)
  A phantom (D:8)
  2 kobold brigands
  6 bullfrogs
  2 wyvern zombies
  A scorpion (D:9)
  8 killer bees
  23 wights
  2 howler monkeys
  3 centaur zombies
  7 orc priests
  6 human zombies
  2 jellies
  Crazy Yiuf (D:7)
  9 hounds
  Terence (D:2)
  A human skeleton (D:7)
  4 iguanas
  4 orc wizards
  8 worker ants
  The ghost of WasteTime5 the Shield-Bearer, a weakling DsFi (D:3)
  A hound zombie (D:7)
  A hound skeleton (D:7)
  2 howler monkey zombies
  7 mummies
  Robin (D:2)
  8 gnolls
  8 adders
  2 shadow imps
  4 white imps
  3 ufetubi
  An adder zombie (D:6)
  4 worms
  4 dart slugs (D:2)
  3 leopard geckos
  30 orcs
  A ball python (D:2)
  2 giant cockroaches
  A gnoll zombie (Ossuary)
  19 goblins
  15 hobgoblins
  10 jackals
  28 kobolds
  A quokka (D:5)
  9 bats
  6 frilled lizards
  2 hobgoblin zombies (Ossuary)
  A jackal skeleton (D:5)
  2 kobold zombies (Ossuary)
  A leopard gecko skeleton (D:7)
  An orc zombie (D:7)
  4 rats
304 creatures vanquished.

Vanquished Creatures (others)
  42 fungi
  46 plants
88 creatures vanquished.

Grand Total: 392 creatures vanquished

Notes
Turn   | Place    | Note
-------+----------+-------------------------------------------
     0 | D:1      | Fenrir042 the Minotaur Berserker began the quest for the
                  | Orb.
     0 | D:1      | Reached XP level 1. HP: 19/19 MP: 0/0
   122 | D:1      | Reached XP level 2. HP: 27/27 MP: 1/1
   750 | D:1      | Reached XP level 3. HP: 24/33 MP: 2/2
   910 | D:2      | Noticed Terence
   914 | D:2      | Noticed Sigmund
   917 | D:2      | Killed Terence
   921 | D:2      | Killed Sigmund
   922 | D:2      | Reached skill level 5 in Fighting
   922 | D:2      | Reached skill level 5 in Axes
   922 | D:2      | Reached XP level 4. HP: 37/42 MP: 3/3
   922 | D:2      | Reached XP level 5. HP: 43/48 MP: 4/4
  1222 | D:2      | Reached ** piety under Trog
  1381 | D:2      | Found a faded altar of an unknown god.
  1532 | D:2      | Noticed Robin
  1539 | D:2      | Killed Robin
  1540 | D:2      | Reached XP level 6. HP: 55/56 MP: 5/5
  1727 | D:2      | Found a snail-covered altar of Cheibriados.
  1993 | D:3      | Found a runed translucent gate.
  1994 | D:3      | Found a runed translucent gate.
  1994 | D:3      | Found a runed translucent gate.
  1994 | D:3      | Noticed WasteTime5's ghost (weakling DsFi)
  2010 | D:3      | Found a shimmering blue altar of Sif Muna.
  2133 | D:3      | Reached *** piety under Trog
  2328 | D:3      | Reached skill level 5 in Armour
  2456 | D:3      | Found an opulent altar of Gozag.
  2990 | D:3      | Killed WasteTime5's ghost
  2996 | D:3      | Reached XP level 7. HP: 63/63 MP: 6/6
  3221 | D:4      | Found a staircase to the Ecumenical Temple.
  3918 | D:5      | Entered Level 5 of the Dungeon
  4260 | D:5      | Found a sacrificial altar of Ru.
  4558 | D:5      | Found a glowing silver altar of Zin.
  4558 | D:5      | Noticed an angel
  4559 | D:5      | Found a runed translucent door.
  5014 | D:6      | Found a glowing golden altar of the Shining One.
  5015 | D:6      | Found a glowing silver altar of Zin.
  5016 | D:6      | Found a blossoming altar of Fedhas.
  5040 | D:6      | Reached XP level 8. HP: 47/73 MP: 7/7
  5267 | D:6      | Found a sand-covered staircase.
  5275 | Ossuary  | Entered an ossuary
  5370 | Ossuary  | Reached **** piety under Trog
  6011 | D:7      | Reached skill level 5 in Dodging
  6221 | D:7      | Reached XP level 9. HP: 80/81 MP: 8/8
  6311 | D:7      | Found a blossoming altar of Fedhas.
  6341 | D:7      | Noticed a gargoyle
  6357 | D:7      | Killed a gargoyle
  6383 | D:7      | Got a faintly humming ring mail
  6386 | D:7      | Identified the +0 ring mail of Trumpets {+Inv rF+ Str-3
                  | Int+4} (You found it on level 7 of the Dungeon)
  6592 | D:7      | Found a runed translucent door.
  6593 | D:7      | Noticed Crazy Yiuf
  6697 | D:7      | Found a hazy altar of Hepliaklqana.
  6824 | D:7      | Found a stormy altar of Qazlal.
  6890 | D:7      | Found a basalt altar of Yredelemnul.
  7190 | D:7      | Killed Crazy Yiuf
  7244 | D:8      | Noticed Grum
  7253 | D:8      | Killed Grum
  7266 | D:8      | Reached XP level 10. HP: 92/92 MP: 9/9
  7455 | D:8      | Noticed a two-headed ogre
  7466 | D:8      | Killed a two-headed ogre
  7466 | D:8      | Reached ***** piety under Trog
  7467 | D:8      | Reached skill level 10 in Fighting
  7467 | D:8      | Reached skill level 10 in Axes
  7949 | D:8      | Noticed Erica
  7976 | D:8      | Killed Erica
  7977 | D:8      | Reached skill level 10 in Armour
  9159 | D:8      | Found a bloodstained altar of Trog.
  9188 | D:8      | Found Tiezxyacs's Book Boutique.
  9911 | D:9      | Reached XP level 11. HP: 58/102 MP: 10/10
 10115 | D:9      | Found a staircase to the Lair.
 10249 | D:9      | Noticed an orange crystal statue
 10298 | D:9      | Lost intelligence.
 10572 | D:9      | Noticed Erolcha
 10577 | D:9      | Cast into level 1 of the Abyss (Erolcha)
 10603 | Abyss:1  | Noticed a wretched star
 10614 | Abyss:1  | Killed from afar by a wretched star

Illustrated notes

Levels and vault maps discovered:
D:1:      saegor_arrival_simple_c, layout_basic, serial_bayou_lagoon_b
D:2:      layout_loops_ring, lemuel_crystal_altar,
          chequers_ecumenical_altar_island, uniq_terence, uniq_robin,
          uniq_sigmund
D:3:      layout_loops_ring, lemuel_coloured_pillars_altar,
          nicolae_overflow_crystal_walls, gammafunk_ghost_nasty_kobolds
D:4:      layout_gridville, minmay_temple_entry_proselytizer,
          chequers_serial_rivers_micro_b, minmay_liquid_box
D:5:      layout_rooms, nicolae_overflow_hidden_temple, lemuel_angel_altar
D:6:      wander_river, layout_rooms,
          chequers_temple_overflow_statue_of_worship,
          chequers_ossuary_entry_cave, kennysheep_generic_room_10
D:7:      minmay_the_grid_triangle_9x9_rhombus_thin
          [minmay_the_grid_triangle_9x9_semitri,
          minmay_the_grid_triangle_9x9_prize_insulated,
          minmay_the_grid_triangle_9x9_alien,
          minmay_the_grid_triangle_9x9_shrine], layout_loops_ring,
          nicolae_qazlal_style_of_elements, lemuel_mausoleum_altar_yredelemnul,
          nzn_hepliaklqana_mist_gate, st_stairs_6, uniq_crazy_yiuf_cottage
D:8:      layout_layer_cave, bloody_trog, serial_shops, shop, uniq_grum,
          uniq_erica
D:9:      layout_grid_maze, due_lair_maze_entry_diamond,
          minmay_protected_statue, uniq_erolcha
Abyss:1:  base:
D:2

Skill      XL: |  1  2  3  4  5  6  7  8  9 10 |
---------------+-------------------------------+-----
Axes           | 4 5 6 7 8 9 11 | 11.1
Fighting       | 4 5 6 7 8 9 11 | 11.1
Armour         | 3 4 5 6 7 9 10 | 10.9
Dodging        | 3 5 7 8 |  8.8

Action                   |  1- 3 |  4- 6 |  7- 9 | 10-12 || total
-------------------------+-------+-------+-------+-------++-------
Melee: Hand axe          |    59 |   118 |   433 |   120 ||   730
       Headbutt          |     8 |    21 |   106 |    51 ||   186
       War axe           |       |       |       |   111 ||   111
Invok: Berserk           |     1 |     3 |     4 |     3 ||    11
       Trog's Hand       |       |     2 |     3 |     4 ||     9
       Brothers in Arms  |       |       |       |     1 ||     1
  Use: Scroll            |       |       |    12 |     5 ||    17
Armor: Animal skin       |     3 |    25 |     3 |       ||    31
       Chain mail        |       |       |    35 |       ||    35
       Plate armour      |       |       |   137 |       ||   137
       Pearl dragon scal |       |       |    57 |   124 ||   181
Dodge: Dodged            |    34 |    67 |   159 |   171 ||   431

Table legend: (Time is in decaauts)
 A = Elapsed time spent in this place.
 B = Non-inter-level travel time spent in this place.
 C = Inter-level travel time spent in this place.
 D = Time resting spent in this place.
 E = Time spent auto-exploring this place.
 F = Levels seen in this place.
 G = Mean time per level.
                   A        B        C        D        E       F      G
               +--------+--------+--------+--------+--------+-----+--------+
         Total |  10845 |  10490 |    355 |    807 |   7995 |  11 |  985.9 |
       Dungeon |  10419 |  10064 |    355 |    807 |   7685 |   9 | 1157.7 |
         Abyss |     55 |     55 |      0 |      0 |     37 |   1 |   55.0 |
       Ossuary |    371 |    371 |      0 |      0 |    272 |   1 |  371.0 |
               +--------+--------+--------+--------+--------+-----+--------+

Top non-repeatable levels by time:
     D:8: 2133 daAuts
     D:7: 1383 daAuts
     D:9: 1355 daAuts
     D:3: 1094 daAuts
     D:2: 1080 daAuts
     D:5: 1028 daAuts
     D:1: 928 daAuts
     D:4: 876 daAuts
     D:6: 539 daAuts
 Ossuary: 371 daAuts
 Abyss:1: 55 daAuts
